 Dungeon Crawl Stone Soup version 0.13-a0-2940-gab44624 (webtiles) character file.

5908 PolkaDot the Conjurer (level 10, -12/60 (62) HPs)
             Began as a Vampire Wizard on Sept 4, 2013.
             Was a Believer of Vehumet.
             Mangled by Grum
             ... wielding a -2,-1 whip of reaching
              (19 damage)
             ... on Level 9 of the Dungeon.
             The game lasted 01:13:16 (11509 turns).

PolkaDot the Conjurer (Vampire Wizard)             Turns: 11509, Time: 01:13:16

HP -12/60 (62)   AC  5     Str  6      XL: 10   Next: 43%
MP   3/20        EV 12     Int 23      God: Vehumet [**....]
Gold 364         SH  0     Dex  8 (12) Spells:  4 memorised,  7 levels left

Res.Fire  : . . .   See Invis. : +   x - staff of poison (curse)
Res.Cold  : + . .   Warding    : .   a - +0 robe (curse)
Life Prot.: + + .   Conserve   : .   (no shield)
Res.Poison: +       Res.Corr.  : .   b - +0 wizard hat
Res.Elec. : .       Clarity    : .   w - +2 cloak
Sust.Abil.: . .     Spirit.Shd : .   (no gloves)
Res.Mut.  : .       Stasis     : .   (no boots)
Res.Rott. : +       Flight     : .   (no amulet)
Saprovore : . . .                    (no ring)
                                     o - ring of protection from magic

@: regenerating slowly, quite resistant to hostile enchantments, fairly stealthy
A: bottle blood, fangs 3, see invisible, (cold resistance 0), unbreathing,
(evolution 0)
a: Bat Form, Bottle Blood, Renounce Religion


You were on level 9 of the Dungeon.
You worshipped Vehumet.
Vehumet was most pleased with you.
You were thirsty.

You visited 2 branches of the dungeon, and saw 10 of its levels.

You collected 344 gold pieces.

Inventory:

Hand weapons
 e - a +0,+0 scimitar
Armour
 a - a cursed +0 robe (worn)
 b - a +0 wizard hat (worn)
 w - a +2 cloak (worn)
Magical devices
 f - a wand of draining (4)
 g - a wand of frost (18) {unknown}
 i - a wand of slowing (9) {unknown}
 B - a wand of enslavement (10)
Scrolls
 d - 2 scrolls of teleportation {unknown}
 j - 5 scrolls of remove curse
 l - a scroll of vulnerability {unknown}
 n - 2 scrolls of fog
 q - 8 scrolls of identify
 s - 4 scrolls of fear
 t - a scroll of enchant armour
 u - a scroll of noise
 A - 2 scrolls of amnesia
 C - a scroll of enchant weapon II
Jewellery
 o - a ring of protection from magic (left hand)
 z - a cursed ring of see invisible
Potions
 h - 2 potions of speed
 m - a potion of poison {unknown}
Books
 c - a book of Minor Magic

   Spells                             Type                      Level
   *Magic Dart                        Conjuration                  1
   Blink                              Translocation                2
   Call Imp                           Summoning                    2
   Repel Missiles                     Charms/Air                   2
   Slow                               Hexes                        2
   *Conjure Flame                     Conjuration/Fire             3
   *Mephitic Cloud                    Conjuration/Poison/Air       3
 p - a book of Death

   Spells                             Type                      Level
   Corpse Rot                         Necromancy                   2
   Sublimation of Blood               Necromancy                   2
   Agony                              Necromancy                   5
   Dispel Undead                      Necromancy                   5
   Excruciating Wounds                Charms/Necromancy            5
   Bolt of Draining                   Conjuration/Necromancy       6
Magical staves
 k - an uncursed staff of air
 x - a cursed staff of poison (weapon)


   Skills:
 - Level 1.5 Fighting
   Level 1.5 Short Blades
 + Level 3.0 Dodging
 - Level 3.0 Stealth
 - Level 3.0 Spellcasting
 - Level 10.0 Conjurations
   Level 1.0 Summonings
   Level 0.7 Translocations
 - Level 0.1 Fire Magic
 * Level 5.8 Air Magic
 + Level 4.8 Poison Magic


You had 7 spell levels left.
You knew the following spells:

 Your Spells              Type           Power        Failure   Level  Hunger
a - Sting                 Conj/Pois      ####         1%          1    None
d - Mephitic Cloud        Conj/Pois/Air  ######..     1%          3    ###....
s - Conjure Flame         Conj/Fire      ####....     6%          3    ###....
z - Magic Dart            Conj           ####         1%          1    None


Dungeon Overview and Level Annotations

Branches:
Dungeon (9/27)             Temple (1/1) D:7
    Orc: D:6-11        Lair: D:8-13

Altars:
Ashenzari
Cheibriados
Elyvilon
Fedhas
Kikubaaqudgha
Makhleb
Nemelex Xobeh
Okawaru
Sif Muna
Trog
Vehumet
Xom
Yredelemnul
Zin
the Shining One

Annotations:
D:9 Grum


Innate Abilities, Weirdness & Mutations

You heal slowly.
You can bottle blood from corpses.
You have razor-sharp teeth.*
You have supernaturally acute eyesight.
You can survive without breathing.*
((Your flesh is cold resistant.))*+ ((You evolve.))+


Message History

Grum screams, "I'll kill you anyway!"
You hit the wolf but do no damage. Your bite misses the wolf.
The wolf is lightly wounded.
Grum seems less confused.
You hit the wolf but do no damage.
The wolf is lightly wounded.
Grum barely misses you.
Grum hits you from afar with a whip of reaching!
* * * LOW HITPOINT WARNING * * *
Drink which item? (? for menu, Esc to quit)
You feel much better.
Grum shouts, "Attack!"
Grum hits you from afar with a whip of reaching!
* * * LOW HITPOINT WARNING * * *
Casting: Sting
Confirm with . or Enter, or press ? or * to list all spells.
You don't have enough magic to cast that spell.
The wolf barely misses you.
Grum hits you from afar with a whip of reaching!
You die...

#.# #.....# ####.#
#.# ####### #....#
#.####
#############.#
#.....#.......#
#.....#.####..#
#..g.%........#
#.##.#h....#.####.##
#......@...#.####.#
####.#######......#
########


You could see Grum and a wolf (confused).

Vanquished Creatures
  A hill giant (D:9)
  Grinder (D:4)
  A troll (D:9)
  A hill giant zombie (D:7)
  3 wolves (D:9)
  Edmund (D:4)
  A necrophage (D:9)
  2 ice beasts (D:9)
  3 orc warriors
  4 sky beasts
  A phantom (D:9)
  A centaur (D:9)
  A yellow wasp (D:9)
  3 ogres (D:5)
  Blork the orc (D:7)
  6 human zombies (D:9)
  10 giant frogs
  A yak zombie (D:9)
  A wight (D:9)
  A hippogriff zombie (D:8)
  6 killer bees
  A hippogriff skeleton (D:6)
  4 crimson imps
  A goliath beetle (D:9)
  3 quasits (D:8)
  3 orc priests (D:7)
  Crazy Yiuf (D:6)
  3 hounds
  4 scorpions
  4 orc wizards
  2 iguanas
  8 worker ants
  Ijyb (D:4)
  A mottled dragon skeleton (D:8)
  3 mummies (D:9)
  4 gnolls (D:5)
  7 adders
  A giant centipede (D:9)
  A human skeleton (D:9)
  A giant mite (D:6)
  An inept feature mimic (D:6)
  A worm (D:6)
  An adder skeleton (D:6)
  31 orcs
  3 giant cockroaches
  14 goblins
  12 hobgoblins
  2 jackals (D:2)
  8 kobolds
  6 quokkas
  6 bats
  9 giant geckos
  19 giant newts
  A hobgoblin zombie (D:5)
  2 orc skeletons
  15 rats
  A rat skeleton (D:7)
235 creatures vanquished.

Vanquished Creatures (collateral kills)
  A scorpion (D:8)
1 creature vanquished.

Grand Total: 236 creatures vanquished

Notes
Turn   | Place    | Note
--------------------------------------------------------------
     0 | D:1      | PolkaDot, the Vampire Wizard, began the quest for the Orb.
     0 | D:1      | Reached XP level 1. HP: 11/11 MP: 6/6
   366 | D:1      | Reached skill level 1 in Conjurations
   656 | D:1      | Reached XP level 2. HP: 4/17 MP: 2/8
  1532 | D:2      | Reached XP level 3. HP: 22/22 MP: 8/10
  1543 | D:2      | Learned a level 3 spell: Conjure Flame
  1547 | D:2      | Learned a level 3 spell: Mephitic Cloud
  1824 | D:3      | Noticed a sky beast
  1964 | D:3      | Killed a sky beast
  1964 | D:3      | Reached XP level 4. HP: 16/28 MP: 0/12
  1964 | D:3      | Reached XP level 5. HP: 18/33 MP: 0/13
  2712 | D:3      | Found a glowing silver altar of Zin.
  2751 | D:3      | Reached skill level 1 in Fighting
  3142 | D:3      | Reached skill level 4 in Conjurations
  3408 | D:4      | Reached skill level 1 in Short Blades
  3408 | D:4      | Reached XP level 6. HP: 36/39 MP: 3/15
  3531 | D:4      | Noticed Ijyb
  3598 | D:4      | Killed Ijyb
  3766 | D:4      | Noticed Grinder
  3778 | D:4      | Killed Grinder
  3778 | D:4      | Reached skill level 5 in Conjurations
  3778 | D:4      | Reached XP level 7. HP: 34/45 MP: 10/17
  3951 | D:4      | Noticed Edmund
  3980 | D:4      | Killed Edmund
  4307 | D:5      | Entered Level 5 of the Dungeon
  4491 | D:5      | Reached skill level 6 in Conjurations
  4840 | D:5      | Reached XP level 8. HP: 34/51 MP: 2/18
  5284 | D:5      | Reached skill level 7 in Conjurations
  5699 | D:6      | Reached skill level 8 in Conjurations
  5933 | D:6      | Found a staircase to the Ecumenical Temple.
  5936 | D:6      | the staircase to the Ecumenical Temple was a mimic.
  6025 | D:6      | Noticed Crazy Yiuf
  6033 | D:6      | Killed Crazy Yiuf
  6231 | D:7      | Noticed Blork the orc
  6254 | D:7      | Killed Blork the orc
  6254 | D:7      | Reached skill level 1 in Air Magic
  6342 | D:7      | Reached skill level 1 in Poison Magic
  6360 | D:7      | Found a blossoming altar of Fedhas.
  6405 | D:8      | Paralysed by a potion of paralysis for 3 turns
  6409 | D:8      | Gained mutation: You evolve. [potion of mutation]
  6419 | D:8      | HP: 2/49 [scorpion (5)]
  6470 | D:7      | Reached XP level 9. HP: 41/54 MP: 4/19
  6939 | D:8      | Found a shattered altar of Ashenzari.
  7446 | D:7      | Gained mutation: Your flesh is cold resistant. [evolution]
  7591 | D:7      | Reached skill level 9 in Conjurations
  7980 | D:7      | Found a staircase to the Ecumenical Temple.
  7990 | Temple   | Entered the Ecumenical Temple
  8095 | Temple   | Became a worshipper of Vehumet
  9892 | D:9      | Noticed a hill giant
  9948 | D:9      | Killed a hill giant
  9948 | D:9      | Reached XP level 10. HP: 43/60 MP: 7/20
 10330 | D:9      | Acquired Vehumet's first power
 10330 | D:9      | Offered knowledge of Sting by Vehumet.
 10741 | D:9      | Found a basalt altar of Yredelemnul.
 10774 | D:9      | Learned a level 1 spell: Sting
 10886 | D:9      | Reached skill level 10 in Conjurations
 11055 | D:9      | Reached skill level 5 in Air Magic
 11486 | D:9      | Noticed Grum
 11503 | D:9      | Offered knowledge of Flame Tongue by Vehumet.
 11509 | D:9      | Mangled by Grum

Action                   |  1- 3 |  4- 6 |  7- 9 | 10-12 || total
-------------------------+-------+-------+-------+-------++-------
Melee: Unarmed           |     1 |       |       |       ||     1
       Dagger            |    26 |    79 |    19 |       ||   124
       Short sword       |       |     1 |       |       ||     1
       Scimitar          |       |       |    10 |       ||    10
       Staff             |       |       |   140 |    38 ||   178
 Cast: Magic Dart        |    73 |   114 |   350 |    88 ||   625
       Mephitic Cloud    |     4 |     2 |    27 |     2 ||    35
       Conjure Flame     |       |     2 |    42 |    20 ||    64
       Sting             |       |       |       |    74 ||    74
Evoke: Wand              |       |       |     1 |       ||     1
  Use: Scroll            |       |       |    16 |       ||    16
       Potion            |       |       |    18 |     1 ||    19
 Stab: Sleeping          |     2 |       |       |       ||     2
       Confused          |     2 |     4 |     8 |     1 ||    15
